[ AOE2 MATCH · #505442190 ]
UnrankedKhmer vs Sicilians
Player's team · LOSS
Rival team · WIN
[ REPLAY ANALYSIS · EXTRACTED FROM THE RECORDED GAME ]
Feudal
—
Castle
—
Imperial
—
| APM avg | 38.8 |
| APM peak | 92 |
| eAPM avg | 21.4 |
| Villagers / military | 118 / 85 |
Focus
⚔️ 24.0% · 🌾 76.0%
Spearman ×34 · Knight ×17 · Scout Cavalry ×11 · Battering Ram ×9 · Battle Elephant ×6 · Scorpion ×5
Feudal
—
Castle
—
Imperial
—
| APM avg | 23.2 |
| APM peak | 63 |
| eAPM avg | 12.7 |
| Villagers / military | 99 / 94 |
Focus
⚔️ 32.3% · 🌾 67.7%
Spearman ×40 · Knight ×25 · Serjeant ×19 · Scout Cavalry ×7 · Trebuchet (Packed) ×2 · Battering Ram ×1
Match map
Initial resources + every placement click. Lines = walls · curves = elevation contours. ◆ gold · ⬟ stone · ● berries · ✦ relic · ◌ wall gap
Your base· Open — 10t gap
鸟出一片田's base· Open — unwalled flank
Smoothed initial terrain · ◌ = detected wall gap · hover for details
Inputs per minute
— ManyKitten76428 - - 鸟出一片田
Build order — ManyKitten76428
First 150 of 346 actions detected
| 0:01 | Queue | Villager (Male) |
| 0:01 | Queue | Villager (Male) |
| 0:01 | Queue | Villager (Male) |
| 0:01 | Queue | Villager (Male) |
| 0:01 | Queue | Villager (Male) |
| 0:01 | Queue | Villager (Male) |
| 0:03 | Build | House |
| 0:05 | Build | House |
| 1:21 | Queue | Villager (Male) |
| 1:46 | Queue | Villager (Male) |
| 1:46 | Queue | Villager (Male) |
| 2:26 | Queue | Villager (Male) |
| 2:35 | Queue | Villager (Male) |
| 2:36 | Queue | Villager (Male) |
| 2:54 | Queue | Villager (Male) |
| 3:00 | Build | Lumber Camp |
| 3:15 | Queue | Villager (Male) |
| 3:15 | Queue | Villager (Male) |
| 3:48 | Build | House |
| 3:49 | Build | House |
| 3:58 | Build | Palisade Wall |
| 4:01 | Build | Palisade Wall |
| 4:11 | Queue | Villager (Male) |
| 4:11 | Queue | Villager (Male) |
| 4:11 | Queue | Villager (Male) |
| 4:11 | Queue | Villager (Male) |
| 4:53 | Queue | Villager (Male) |
| 4:53 | Queue | Villager (Male) |
| 5:32 | Build | Mill |
| 6:11 | Build | Palisade Wall |
| 6:12 | Build | Palisade Wall |
| 6:17 | Queue | Villager (Male) |
| 6:29 | Research | Loom |
| 7:11 | Research | Feudal Age |
| 7:28 | Build | Palisade Wall |
| 7:36 | Build | House |
| 7:46 | Build | House |
| 7:47 | Build | House |
| 7:50 | Build | Palisade Wall |
| 8:15 | Build | Mill |
| 9:08 | Queue | Villager (Male) |
| 9:08 | Queue | Villager (Male) |
| 9:31 | Queue | Villager (Male) |
| 9:37 | Build | Stable |
| 9:46 | Research | Double-Bit Axe |
| 9:50 | Research | Horse Collar |
| 10:08 | Build | Farm |
| 10:19 | Queue | Scout Cavalry |
| 10:19 | Queue | Scout Cavalry |
| 10:31 | Queue | Villager (Male) |
| 10:36 | Build | Farm |
| 10:42 | Queue | Villager (Male) |
| 10:46 | Build | Farm |
| 10:52 | Build | Farm |
| 11:00 | Build | Palisade Wall |
| 11:15 | Queue | Villager (Male) |
| 11:16 | Queue | Villager (Male) |
| 11:19 | Build | Farm |
| 11:31 | Queue | Scout Cavalry |
| 11:37 | Build | House |
| 11:39 | Build | Palisade Wall |
| 11:51 | Queue | Villager (Male) |
| 11:55 | Build | Farm |
| 11:57 | Queue | Villager (Male) |
| 12:26 | Queue | Villager (Male) |
| 12:30 | Build | Farm |
| 12:38 | Build | Blacksmith |
| 12:56 | Queue | Villager (Male) |
| 12:59 | Queue | Scout Cavalry |
| 13:00 | Queue | Scout Cavalry |
| 13:09 | Queue | Villager (Male) |
| 13:18 | Build | House |
| 13:19 | Build | House |
| 13:20 | Build | House |
| 13:26 | Build | House |
| 13:34 | Build | Mining Camp |
| 13:48 | Queue | Villager (Male) |
| 13:52 | Research | Scale Barding Armor |
| 13:52 | Research | Scale Barding Armor |
| 14:20 | Build | Farm |
| 14:21 | Build | Farm |
| 14:25 | Build | Farm |
| 14:26 | Research | Forging |
| 14:29 | Queue | Villager (Male) |
| 14:47 | Build | House |
| 14:52 | Build | Farm |
| 14:57 | Build | House |
| 14:59 | Build | Palisade Wall |
| 15:06 | Queue | Villager (Male) |
| 15:07 | Queue | Villager (Male) |
| 15:07 | Queue | Villager (Male) |
| 15:45 | Build | Barracks |
| 15:55 | Queue | Villager (Male) |
| 15:59 | Build | Lumber Camp |
| 16:12 | Queue | Villager (Male) |
| 16:12 | Queue | Villager (Male) |
| 16:16 | Build | Farm |
| 16:31 | Queue | Villager (Male) |
| 16:46 | Queue | Spearman |
| 16:46 | Queue | Spearman |
| 16:56 | Queue | Villager (Male) |
| 17:26 | Build | House |
| 17:27 | Build | House |
| 18:01 | Queue | Spearman |
| 18:01 | Queue | Spearman |
| 18:02 | Queue | Spearman |
| 18:27 | Build | Mining Camp |
| 18:32 | Queue | Villager (Male) |
| 18:32 | Queue | Villager (Male) |
| 18:32 | Queue | Villager (Male) |
| 18:38 | Build | Farm |
| 18:39 | Build | Farm |
| 18:40 | Build | Farm |
| 18:55 | Research | Castle Age |
| 19:50 | Build | Mining Camp |
| 20:14 | Queue | Spearman |
| 20:14 | Queue | Spearman |
| 20:15 | Queue | Spearman |
| 20:18 | Build | Farm |
| 21:07 | Queue | Spearman |
| 21:07 | Queue | Spearman |
| 21:19 | Build | Mining Camp |
| 21:28 | Build | House |
| 21:31 | Build | House |
| 21:59 | Research | Stone Mining |
| 22:07 | Build | Siege Workshop |
| 22:25 | Research | Pikeman (upgrade) |
| 22:26 | Queue | Spearman |
| 22:26 | Queue | Spearman |
| 22:26 | Queue | Spearman |
| 22:31 | Build | Farm |
| 22:41 | Build | House |
| 22:42 | Build | House |
| 22:54 | Build | Stone Wall |
| 23:00 | Build | Stone Wall |
| 23:04 | Build | Stone Wall |
| 23:06 | Build | Stone Wall |
| 23:29 | Build | Farm |
| 23:30 | Build | Farm |
| 23:31 | Build | Farm |
| 23:35 | Queue | Battering Ram |
| 23:35 | Queue | Battering Ram |
| 24:03 | Build | Castle |
| 24:25 | Build | House |
| 24:30 | Build | Farm |
| 24:35 | Queue | Villager (Male) |
| 24:35 | Queue | Villager (Male) |
| 24:35 | Queue | Villager (Male) |
| 24:36 | Queue | Villager (Male) |
| 24:36 | Queue | Villager (Male) |
Build order — 鸟出一片田
First 150 of 320 actions detected
| 0:04 | Build | House |
| 0:07 | Build | House |
| 0:08 | Queue | Villager (Male) |
| 0:08 | Queue | Villager (Male) |
| 0:26 | Queue | Villager (Male) |
| 0:27 | Queue | Villager (Male) |
| 1:42 | Build | Lumber Camp |
| 1:45 | Queue | Villager (Male) |
| 2:04 | Queue | Villager (Male) |
| 2:32 | Queue | Villager (Male) |
| 2:41 | Build | House |
| 2:43 | Build | House |
| 3:01 | Queue | Villager (Male) |
| 3:39 | Queue | Villager (Male) |
| 3:39 | Queue | Villager (Male) |
| 3:42 | Build | House |
| 4:16 | Queue | Villager (Male) |
| 4:49 | Queue | Villager (Male) |
| 5:15 | Queue | Villager (Male) |
| 5:15 | Queue | Villager (Male) |
| 5:31 | Queue | Villager (Male) |
| 5:32 | Queue | Villager (Male) |
| 5:38 | Research | Loom |
| 6:19 | Build | Mill |
| 8:01 | Research | Feudal Age |
| 9:18 | Build | Farm |
| 9:29 | Build | Farm |
| 9:32 | Build | Farm |
| 9:33 | Queue | Villager (Male) |
| 10:04 | Build | Farm |
| 10:17 | Build | Barracks |
| 10:28 | Research | Double-Bit Axe |
| 10:33 | Queue | Villager (Male) |
| 10:39 | Research | Horse Collar |
| 11:02 | Queue | Villager (Male) |
| 11:19 | Queue | Spearman |
| 11:32 | Build | Stable |
| 11:40 | Queue | Villager (Male) |
| 11:58 | Queue | Villager (Male) |
| 12:18 | Build | Lumber Camp |
| 12:21 | Queue | Scout Cavalry |
| 12:28 | Queue | Villager (Male) |
| 12:43 | Queue | Scout Cavalry |
| 12:57 | Build | Farm |
| 13:02 | Queue | Villager (Male) |
| 13:20 | Build | Farm |
| 13:24 | Build | Farm |
| 13:31 | Queue | Scout Cavalry |
| 13:34 | Build | Farm |
| 13:35 | Queue | Villager (Male) |
| 13:53 | Queue | Spearman |
| 14:00 | Build | House |
| 14:01 | Build | House |
| 14:10 | Queue | Villager (Male) |
| 14:31 | Queue | Scout Cavalry |
| 14:36 | Queue | Villager (Male) |
| 14:50 | Build | Lumber Camp |
| 15:00 | Queue | Scout Cavalry |
| 15:05 | Build | Blacksmith |
| 15:15 | Queue | Spearman |
| 15:29 | Build | Farm |
| 15:30 | Queue | Villager (Male) |
| 15:35 | Build | Farm |
| 15:55 | Research | Scale Barding Armor |
| 15:59 | Build | House |
| 16:00 | Build | House |
| 16:02 | Build | House |
| 16:11 | Queue | Spearman |
| 16:36 | Build | Mining Camp |
| 16:44 | Queue | Spearman |
| 16:52 | Queue | Scout Cavalry |
| 17:14 | Queue | Spearman |
| 17:16 | Queue | Villager (Male) |
| 17:29 | Queue | Villager (Male) |
| 17:47 | Queue | Villager (Male) |
| 17:54 | Build | Farm |
| 18:08 | Queue | Scout Cavalry |
| 18:20 | Build | Donjon |
| 18:35 | Queue | Villager (Male) |
| 18:37 | Build | Farm |
| 18:39 | Queue | Villager (Male) |
| 18:53 | Build | Farm |
| 18:56 | Build | Farm |
| 18:57 | Queue | Villager (Male) |
| 19:15 | Queue | Spearman |
| 19:32 | Build | Donjon |
| 19:46 | Research | Fletching |
| 19:47 | Queue | Villager (Male) |
| 20:11 | Build | House |
| 20:12 | Build | House |
| 20:13 | Build | House |
| 20:53 | Build | Donjon |
| 21:10 | Queue | Villager (Male) |
| 21:14 | Build | Mining Camp |
| 21:19 | Research | Forging |
| 22:05 | Queue | Serjeant |
| 22:08 | Queue | Serjeant |
| 22:36 | Queue | Villager (Male) |
| 22:58 | Build | Mining Camp |
| 23:03 | Queue | Villager (Male) |
| 23:07 | Build | Farm |
| 23:09 | Queue | Villager (Male) |
| 23:16 | Build | Farm |
| 23:20 | Build | Farm |
| 23:29 | Build | Donjon |
| 23:53 | Queue | Serjeant |
| 23:54 | Queue | Serjeant |
| 23:59 | Queue | Villager (Male) |
| 24:02 | Build | Farm |
| 24:48 | Build | Donjon |
| 24:57 | Research | Castle Age |
| 25:10 | Build | House |
| 25:12 | Build | House |
| 25:13 | Build | House |
| 25:32 | Research | Arson |
| 25:36 | Research | Scale Mail Armor |
| 25:52 | Queue | Serjeant |
| 26:05 | Queue | Serjeant |
| 26:10 | Queue | Serjeant |
| 26:16 | Build | Donjon |
| 26:32 | Queue | Serjeant |
| 26:42 | Queue | Villager (Male) |
| 26:51 | Build | Donjon |
| 27:08 | Build | House |
| 27:09 | Build | House |
| 27:10 | Build | House |
| 27:23 | Queue | Serjeant |
| 27:25 | Queue | Serjeant |
| 27:27 | Queue | Serjeant |
| 27:30 | Queue | Serjeant |
| 27:47 | Queue | Villager (Male) |
| 28:15 | Research | Iron Casting |
| 28:23 | Build | Donjon |
| 28:37 | Queue | Spearman |
| 28:42 | Queue | Spearman |
| 28:42 | Queue | Spearman |
| 29:03 | Queue | Spearman |
| 29:03 | Queue | Spearman |
| 29:40 | Research | Chain Mail Armor |
| 29:44 | Research | Bodkin Arrow |
| 29:56 | Queue | Villager (Male) |
| 29:59 | Research | Stone Mining |
| 30:03 | Research | Heavy Plow |
| 30:05 | Queue | Villager (Male) |
| 30:20 | Build | Town Center |
| 30:33 | Queue | Serjeant |
| 30:37 | Queue | Spearman |
| 30:46 | Research | Pikeman (upgrade) |
| 31:01 | Queue | Spearman |
| 31:01 | Queue | Spearman |
Match timeline
| 3:58 | ManyKitten76428 · wall_segment Palisade Wall x1 |
| 4:01 | ManyKitten76428 · wall_segment Palisade Wall x1 |
| 6:11 | ManyKitten76428 · wall_segment Palisade Wall x8 |
| 6:12 | ManyKitten76428 · wall_segment Palisade Wall x1 |
| 7:28 | ManyKitten76428 · wall_segment Palisade Wall x6 |
| 7:50 | ManyKitten76428 · wall_segment Palisade Wall x1 |
| 9:37 | ManyKitten76428 · first_building Stable |
| 10:17 | 鸟出一片田 · first_building Barracks |
| 11:00 | ManyKitten76428 · wall_segment Palisade Wall x4 |
| 11:32 | 鸟出一片田 · first_building Stable |
| 11:39 | ManyKitten76428 · wall_segment Palisade Wall x5 |
| 14:59 | ManyKitten76428 · wall_segment Palisade Wall x9 |
| 15:45 | ManyKitten76428 · first_building Barracks |
| 18:20 | 鸟出一片田 · first_building Donjon |
| 22:07 | ManyKitten76428 · first_building Siege Workshop |
| 22:54 | ManyKitten76428 · wall_segment Stone Wall x1 |
| 23:00 | ManyKitten76428 · wall_segment Stone Wall x1 |
| 23:04 | ManyKitten76428 · wall_segment Stone Wall x1 |
| 23:06 | ManyKitten76428 · wall_segment Stone Wall x1 |
| 24:03 | ManyKitten76428 · first_building Castle |
| 26:54 | ManyKitten76428 · wall_segment Stone Wall x1 |
| 34:14 | ManyKitten76428 · first_market_buy 100 wood |
| 34:43 | 鸟出一片田 · first_building Castle |
| 39:43 | 鸟出一片田 · first_building Siege Workshop |
| 39:55 | ManyKitten76428 · wall_segment Stone Wall x3 |
| 40:20 | ManyKitten76428 · wall_segment Stone Wall x1 |
| 51:27 | ManyKitten76428 · wall_segment Stone Wall x4 |
| 53:36 | ManyKitten76428 · resign |
[ AI ANALYSIS · 1 CREDIT ]
What really happened in this match?
Wolo.gg analyzes every decision: build order, eco, micro, common mistakes by bracket. Personalized analysis on WhatsApp or Discord in 30 seconds.
Civ guide
Khmer
Perfil
Jugador #15948060